Map: Frozen Temple

Players

Fropez

  • Race: Protoss Protoss
  • Spawn Location: 5:00

Snorkel - Winner!

  • Race: Zerg Zerg
  • League: Silver
  • Spawn Location: 11:00

VOD

Have the link to the VOD?

Description

Time

  • Played on: April 5, 2016, 11:46 a.m.
  • Length: 18:34
Show
View Real Time Build Order
Export as new Build Order

Fropez Protoss 

Build Orders:  

Get SALT Encoding   

  12  0:18  Pylon  
  12  0:24  Probe (Chrono Boost)  
  13  0:37  Gateway  
  13  0:42  Probe (Chrono Boost)  
  14  0:52  Pylon  
  14  0:53  Probe (Chrono Boost)  
  15  1:01  Assimilator  
  15  1:03  Probe (Chrono Boost)  
  16  1:14  Probe (Chrono Boost)  
  17  1:24  Probe (Chrono Boost)  
  17  1:25  Zealot  
  20  1:35  Probe (Chrono Boost)  
  21  1:42  Cybernetics Core  
  21  1:47  Pylon  
  21  1:48  Probe (Chrono Boost)  
  21  1:51  Assimilator  
  21  1:54  Zealot  
  24  2:04  Pylon  
  24  2:23  Stalker  
  26  2:30  Gateway  
  26  2:36  Pylon, Probe (Chrono Boost)  
  27  2:38  Warp Gate (Chrono Boost)  
  27  2:48  Mothership Core  
  29  2:53  Stalker  
  31  3:09  Probe  
  31  3:11  Pylon  
  32  3:21  Probe  
  32  3:25  Stalker  
  32  3:26  Stalker  
  37  3:33  Probe  
  38  3:45  Probe  
  39  4:02  Pylon  
  39  4:11  Probe  
  40  4:19  Pylon  
  40  4:24  Nexus  
  40  4:34  Stalker x2  
  40  4:36  Pylon  
  44  4:49  Twilight Council  
  44  4:52  Pylon  
  44  5:01  Probe  
  45  5:09  Gateway  
  45  5:12  Forge  
  45  5:13  Probe  
  46  5:25  Probe  
  47  5:37  Probe  
  48  6:10  Stalker x2  
  52  6:14  Protoss Ground Weapons Level 1  
  52  6:17  Blink (Chrono Boost)  
  52  6:22  Stalker  
  52  6:24  Probe x2  
  56  6:33  Assimilator  
  56  6:36  Probe  
  56  6:37  Assimilator  
  57  6:43  Pylon  
  55  7:02  Stalker x2  
  55  7:03  Probe, Stalker  
  55  7:04  Probe  
  59  7:23  Dark Shrine  
  59  7:33  Forge  
  59  7:36  Pylon  
  59  7:53  Stalker  
  59  7:54  Nexus, Probe  
  59  7:55  Probe  
  59  7:56  Pylon  
  63  8:00  Gateway  
  63  8:01  Gateway  
  63  8:04  Pylon  
  63  8:06  Probe  
  63  8:08  Protoss Ground Armor Level 1  
  63  8:10  Probe  
  65  8:16  Stalker x2  
  69  8:26  Probe  
  70  8:37  Dark Templar  
  70  8:41  Probe x2  
  74  8:49  Dark Templar  
  74  8:50  Dark Templar  
  76  9:18  Dark Templar  
  76  9:19  Dark Templar x2  
  76  9:23  Probe  
  83  9:25  Assimilator  
  83  9:26  Probe  
  83  9:27  Protoss Ground Weapons Level 2  
  83  9:28  Assimilator  
  83  9:29  Probe  
  85  9:36  Probe  
  85  9:38  Dark Templar x2  
  90  9:47  Robotics Facility  
  90  9:49  Pylon  
  90  9:52  Pylon  
  90  10:04  Photon Cannon  
  90  10:08  Pylon  
  90  10:11  Photon Cannon  
  90  10:23  Photon Cannon  
  90  10:30  Pylon  
  90  10:32  Dark Templar x3  
  90  10:34  Pylon  
  97  10:35  Observer  
  97  10:36  Pylon  
  97  10:40  Probe x2  
  97  10:41  Probe  
  99  10:45  Dark Templar x2  
  99  10:49  Pylon  
  104  10:52  Probe  
  105  10:58  Warp Prism  
  105  10:59  Pylon  
  106  11:13  Zealot x3  
  106  11:18  Charge (Chrono Boost)  
  106  11:34  Observer  
  107  11:47  Zealot  
  107  11:48  Zealot x4  
  107  11:51  Protoss Ground Armor Level 2, Protoss Ground Weapons Level 3  
  117  12:03  Probe x2  
  119  12:11  Gateway  
  119  12:13  Gateway  
  119  12:14  Gateway  
  119  12:15  Pylon  
  119  12:18  Pylon  
  119  12:20  Assimilator  
  119  12:23  Pylon  
  119  12:28  Pylon  
  119  12:31  Pylon  
  119  12:36  Pylon  
  119  12:44  Pylon  
  119  12:45  Nexus  
  119  12:47  Dark Templar  
  119  12:48  Dark Templar  
  119  12:49  Dark Templar x3  
  119  12:50  Assimilator  
  119  13:43  Stargate  
  119  13:46  Stargate  
  119  13:48  Stargate  
  119  13:52  Pylon, Probe  
  119  13:53  Pylon  
  120  14:11  Stalker x2  
  120  14:12  Stalker x3  
  130  14:40  Gateway  
  130  14:42  Gateway  
  130  14:45  Gateway x2  
  130  14:48  Pylon, Gateway  
  130  14:51  Pylon  
  130  14:53  Photon Cannon  
  130  14:55  Photon Cannon  
  126  15:06  Photon Cannon  
  122  15:09  Photon Cannon  
  122  15:11  Void Ray x2  
  122  15:12  Void Ray, Photon Cannon  
  132  15:21  Fleet Beacon  
  132  15:27  Observer  
  133  15:35  Zealot x2  
  133  15:36  Zealot x3  
  143  15:49  Observer  
  140  15:57  Dark Templar  
  140  15:58  Dark Templar x4  
  140  16:28  Carrier  
  150  16:33  Dark Templar  
  152  16:41  Dark Templar  
  152  16:59  Zealot x2  
  152  17:00  Zealot x2  
  152  17:01  Zealot x3  
  121  17:34  Dark Templar  
  121  17:35  Dark Templar x5  
  101  17:53  Stalker x4  
  85  18:07  Dark Templar x2  
  85  18:08  Dark Templar x2  
Show
View Real Time Build Order
Export as new Build Order

Snorkel Zerg - Winner!

Build Orders: Hatch First 

Get SALT Encoding   

  12  0:02  Drone  
  13  0:17  Drone  
  13  0:18  Overlord  
  14  0:51  Hatchery  
  14  0:52  Drone x2  
  14  0:54  Drone  
  16  1:13  Spawning Pool  
  15  1:23  Drone x2  
  17  1:27  Extractor  
  16  1:33  Overlord  
  16  1:51  Drone  
  16  1:52  Drone  
  18  2:00  Queen  
  20  2:16  Queen  
  22  2:29  Drone x3  
  25  2:31  Hatchery  
  24  2:43  Queen  
  26  2:58  Zergling x12  
  27  3:03  Metabolic Boost  
  32  3:26  Drone  
  33  3:27  Drone x3  
  33  3:30  Overlord  
  33  3:32  Overlord  
  36  4:03  Spine Crawler  
  36  4:05  Spine Crawler  
  34  4:11  Drone x3  
  34  4:12  Drone x2  
  34  4:16  Extractor  
  38  4:18  Drone x4  
  42  4:44  Queen, Lair  
  42  4:45  Queen  
  46  4:58  Drone  
  46  4:59  Drone x11  
  58  5:01  Overlord x2  
  58  5:15  Extractor  
  58  5:16  Extractor  
  58  5:19  Overlord x2  
  58  5:20  Overlord x2  
  52  5:41  Zergling x4  
  52  5:42  Zergling x16  
  59  6:28  Zergling x2  
  59  6:29  Zergling x20  
  70  6:36  Roach Warren  
  70  6:39  Hydralisk Den  
  68  6:43  Spore Crawler  
  66  6:58  Spore Crawler  
  63  7:13  Overseer  
  63  7:14  Overseer  
  63  7:18  Roach  
  63  7:19  Roach x5  
  63  7:20  Overlord  
  75  7:47  Roach x4  
  75  7:49  Overlord  
  83  8:09  Spore Crawler, Drone x8  
  90  8:27  Drone  
  91  8:48  Hatchery  
  91  8:50  Overlord  
  91  8:52  Overlord  
  91  8:53  Queen  
  91  8:54  Extractor, Overlord  
  91  8:55  Extractor, Overlord  
  90  8:57  Overlord  
  88  9:18  Glial Reconstitution  
  88  9:21  Drone x11  
  88  9:22  Drone  
  100  10:04  Infestation Pit  
  99  10:09  Spore Crawler  
  99  10:11  Spire  
  99  10:13  Drone  
  98  10:18  Roach x10  
  98  10:19  Roach x3  
  124  11:04  Hive  
  122  11:40  Drone x15  
  136  11:52  Spore Crawler  
  135  11:54  Hatchery  
  135  11:57  Extractor  
  135  11:58  Extractor  
  132  12:20  Spore Crawler  
  131  12:29  Corruptor, Greater Spire  
  131  12:30  Corruptor x2  
  131  12:32  Overlord x3  
  131  12:33  Overlord x4  
  137  13:10  Pneumatized Carapace  
  137  13:17  Overseer x2  
  127  13:35  Corruptor x6  
  127  13:36  Corruptor x13  
  165  13:57  Drone  
  165  13:58  Drone x2  
  166  15:19  Brood Lord x7  
  166  15:20  Brood Lord x2  
  184  15:23  Roach  
  184  15:24  Roach x2  
  184  15:25  Overlord x3  
  184  15:28  Ravager  
  191  15:30  Overlord  
  191  15:31  Overlord x2  
  165  16:26  Mutalisk  
  165  16:27  Mutalisk x18  
  199  16:48  Drone  
  199  16:50  Overlord x6  
Tags
 
League
Silver
Matchup
PvZ
Replay Pack
All Mines
Spawn Locations
Cross Positions
Add a new tag
Caveats
  • Supply blocks, unpowered buildings, or Contaminate may cause inaccurate times.
  • Supply counts are checked every 10 seconds.